 Dungeon Crawl Stone Soup version 0.18.1-48-g4cf74bf (webtiles) character file.

90 grulito the Cutter (level 4, -1/26 HPs)
             Began as a Kobold Assassin on June 26, 2016.
             Killed by divine providence
             ... invoked by an orc priest
              (13 damage)
             ... on level 3 of the Dungeon.
             The game lasted 00:09:03 (2599 turns).

grulito the Cutter (Kobold Assassin)                Turns: 2599, Time: 00:09:04

Health: -1/26      AC:  4    Str:  9    XL:     4   Next: 85%
Magic:  4/4        EV: 14    Int:  9    God:
Gold:   65         SH:  0    Dex: 18    Spells: 0 memorised, 3 levels left

rFire  . . .     SeeInvis .     b - +0 blowgun
rCold  . . .     Gourm    .     c - +0 robe
rNeg   . . .     Faith    .     (shield restricted)
rPois  .         Spirit   .     (no helmet)
rElec  .         Dismiss  .     d - +0 cloak
rCorr  .         Reflect  .     (no gloves)
SustAt .         Harm     .     p - +0 pair of boots
MR     .....                    (no amulet)
Stlth  ++++......               (no ring)
                                (no ring)

@: not resistant to hostile enchantments, stealthy
A: carnivore 3
a: no special abilities


You were on level 3 of the Dungeon.
You were full.

You visited 1 branch of the dungeon, and saw 3 of its levels.

You collected 65 gold pieces.

Inventory:

Hand Weapons
 a - a +2 dagger
 b - a +0 blowgun (weapon)
Missiles
 e - 2 poisoned needles (quivered)
 f - 2 curare-tipped needles
Armour
 c - a +0 robe (worn)
 d - a +0 cloak (worn)
 p - a +0 pair of boots (worn)
Scrolls
 j - 2 scrolls of blinking
 k - a scroll of remove curse {unknown}
 m - 2 scrolls of fear
 n - a scroll of fog {unknown}
 u - a scroll of identify {unknown}
Potions
 h - a potion of might {unknown}
 o - a potion of haste {unknown}
 q - 2 potions of flight {unknown}
 t - a potion of mutation {unknown}
Comestibles
 g - 4 meat rations
 i - 2 bread rations
 l - 6 fruits
 r - 2 slices of pizza
 s - a royal jelly


   Skills:
 - Level 2.2 Fighting
 + Level 5.8 Short Blades
 - Level 2.2 Throwing
 - Level 1.2 Dodging
 - Level 5.5 Stealth


You had 3 spell levels left.
You didn't know any spells.

Dungeon Overview and Level Annotations

Branches:
Dungeon (3/15)

Altars:
Vehumet


Innate Abilities, Weirdness & Mutations

You are small and have problems with some larger weapons.
You are carnivorous and can eat meat at any time.


Message History

Firing (i - inventory. (,) - cycle):
e - 4 poisoned needles (quivered)
Press: ? - help, Shift-Dir - straight line, f/p - orc priest
Aim: an orc priest, wielding a mace and wearing a leather armour (moderately wounded, poisoned)
You shoot a poisoned needle.
The poisoned needle hits the orc priest.
The orc priest looks even sicker.
The orc priest is moderately wounded.
The orc priest hits you but does no damage.
The orc priest casts a cantrip, but nothing happens.
Firing (i - inventory. (,) - cycle):
e - 3 poisoned needles (quivered)
Press: ? - help, Shift-Dir - straight line, f/p - orc priest
Aim: an orc priest, wielding a mace and wearing a leather armour (heavily wounded, poisoned)
You shoot a poisoned needle.
The poisoned needle hits the orc priest.
The orc priest looks even sicker.
The orc priest is heavily wounded.
The orc priest mumbles some strange prayers to Beogh against you.
Beogh smites you!
Ouch! That really hurt!
You die...

........# ....o...#
!...o...# . .....=..# ..
#### #.# ...#...
#######<## .......####
#.....(..# #.......o##
#........##
###...@#.(###........#.
##..?.##..(...#.###.#.
#.........##....###...
#.....^...##.##(..##..
#..........#.###.[...# .
#............# #.##...
#.##......(..#..###.##.##
....#....#....รท.##....#
...<...#.#..(.#.##..###


You could see an orc priest.

Vanquished Creatures
  2 adders (D:3)
  2 dart slugs
  A giant gecko (D:1)
  2 orcs (D:3)
  A ball python (D:1)
  7 giant cockroaches
  7 goblins
  6 hobgoblins
  6 jackals
  11 bats
  3 giant newts
  6 kobolds
  3 rats
57 creatures vanquished.

Notes
Turn   | Place    | Note
--------------------------------------------------------------
     0 | D:1      | grulito the Kobold Assassin began the quest for the Orb.
     0 | D:1      | Reached XP level 1. HP: 12/12 MP: 1/1
   195 | D:1      | Reached XP level 2. HP: 15/17 MP: 2/2
   577 | D:1      | Reached XP level 3. HP: 19/21 MP: 3/3
  1220 | D:2      | Found a radiant altar of Vehumet.
  1390 | D:2      | Reached XP level 4. HP: 25/26 MP: 4/4
  1401 | D:2      | Reached skill level 5 in Short Blades
  2599 | D:3      | Killed from afar by an orc priest

Skill      XL: |  1  2  3  4 |
---------------+-------------+-----
Short Blades   | 3 4 5 |  5.8
Fighting       | |  2.2
Throwing       | |  2.2
Dodging        | |  1.2
Stealth        | |  5.5

Action                   |  1- 3 |  4- 6 || total
-------------------------+-------+-------++-------
Melee: Dagger            |   129 |    61 ||   190
 Fire: Blowgun           |       |     6 ||     6
  Use: Scroll            |       |     2 ||     2
 Stab: Sleeping          |     9 |     4 ||    13
  Eat: Chunk             |     1 |       ||     1
       Meat ration       |       |     1 ||     1
       Beef jerky        |       |     1 ||     1
Armor: Robe              |    39 |     6 ||    45
Dodge: Dodged            |    97 |    29 ||   126
